 Dungeon Crawl Stone Soup version 0.18.1-48-g4cf74bf (webtiles) character file.

100 Inkary the Poker (level 4, -3/37 HPs)
             Began as a Merfolk Abyssal Knight on July 28, 2016.
             Was a Believer of Lugonu.
             Killed from afar by an orc (5 damage)
             ... on level 4 of the Dungeon.
             The game lasted 00:04:58 (2874 turns).

Inkary the Poker (Merfolk Abyssal Knight)           Turns: 2874, Time: 00:04:58

Health: -3/37      AC:  3    Str: 13    XL:     4   Next: 73%
Magic:  5/5        EV: 13    Int: 11    God:    Lugonu [**....]
Gold:   37         SH:  0    Dex: 13    Spells: 0 memorised, 3 levels left

rFire  . . .     SeeInvis .     a - +1 spear
rCold  . . .     Gourm    .     b - +0 leather armour
rNeg   . . .     Faith    .     (no shield)
rPois  .         Spirit   .     (no helmet)
rElec  .         Dismiss  .     (no cloak)
rCorr  .         Reflect  .     (no gloves)
SustAt .         Harm     .     (no boots)
MR     .....                    (no amulet)
Stlth  +.........               (no ring)
                                (no ring)

@: not resistant to hostile enchantments, very unstealthy
A: change form in water, swift swim
a: Depart the Abyss, Bend Space, Renounce Religion


You were on level 4 of the Dungeon.
You worshipped Lugonu.
Lugonu was pleased with you.
You were hungry.

You visited 1 branch of the dungeon, and saw 4 of its levels.
You visited the Abyss 1 time.

You collected 37 gold pieces.

Inventory:

Hand Weapons
 a - a +1 spear (weapon)
Armour
 b - a +0 leather armour (worn)
Jewellery
 r - an uncursed ring of fire {unknown}
Scrolls
 d - a scroll of fog {unknown}
 e - 2 scrolls of identify {unknown}
 h - a scroll of magic mapping {unknown}
 i - a scroll of fear {unknown}
 j - a scroll of immolation {unknown}
 k - a scroll of teleportation {unknown}
Potions
 g - 2 potions of might {unknown}
 l - 2 potions of degeneration {unknown}
 m - a potion of invisibility {unknown}
 n - a potion of heal wounds {unknown}
 q - a potion of agility {unknown}
Comestibles
 c - 4 bread rations
 f - a meat ration
 p - a royal jelly


   Skills:
 + Level 4.1 Fighting
 + Level 4.2 Polearms
 + Level 1.6 Armour
 + Level 3.9 Dodging
 - Level 2.0 Invocations


You had 3 spell levels left.
You didn't know any spells.

Dungeon Overview and Level Annotations

Branches:
Dungeon (4/15)
 Temple: D:4-7

Altars:

Annotations:
D:3 MovingMist's ghost, amateur GrFi


Message History

The goblin is heavily wounded.
The goblin closely misses you.
You barely miss the goblin.
The goblin is heavily wounded.
The goblin hits you.
* * * LOW HITPOINT WARNING * * *
You hit the goblin.
You kill the goblin!
Lugonu accepts your kill.
You are feeling hungry.
Unknown command.
You are too injured to fight recklessly!
You swing at nothing.
The orc throws an exploding tomahawk.
The exploding tomahawk misses you.
The exploding tomahawk explodes!
The explosion of tomahawk fragments engulfs you!
* * * LOW HITPOINT WARNING * * *
You swing at nothing.
The orc throws an exploding tomahawk.
The exploding tomahawk misses you.
The exploding tomahawk explodes!
The explosion of tomahawk fragments engulfs you!
You die...

####
#[.#
#o(# #
#.##..#
#@....#
####.##
#


You could see an orc.

Vanquished Creatures
  An adder (D:2)
  2 oozes (D:1)
  A dart slug (D:2)
  4 giant geckos
  13 orcs
  4 giant cockroaches
  7 goblins
  9 hobgoblins
  4 bats
  2 giant newts
  4 kobolds
  8 rats
59 creatures vanquished.

Notes
Turn   | Place    | Note
--------------------------------------------------------------
     0 | Abyss:1  | Inkary the Merfolk Abyssal Knight began the quest for the Orb.
     0 | Abyss:1  | Reached XP level 1. HP: 18/18 MP: 2/2
    30 | D:1      | Escaped the Abyss
   221 | D:1      | Reached XP level 2. HP: 17/24 MP: 3/3
   599 | D:1      | Reached * piety under Lugonu
   665 | D:1      | Reached XP level 3. HP: 30/30 MP: 4/4
   777 | D:1      | Reached skill level 1 in Armour
  1820 | D:3      | Reached ** piety under Lugonu
  1825 | D:3      | Reached XP level 4. HP: 28/37 MP: 5/5
  1827 | D:3      | Noticed MovingMist's ghost (amateur GrFi)
  2874 | D:4      | Killed from afar by an orc

Skill      XL: |  1  2  3  4 |
---------------+-------------+-----
Dodging        | 3 |  3.9
Armour         | 1 |  1.6
Polearms       | 4 |  4.2
Fighting       | 4 |  4.1
Invocations    | |  2.0

Action                   |  1- 3 |  4- 6 || total
-------------------------+-------+-------++-------
Melee: Spear             |   121 |   102 ||   223
Invok: Depart the Abyss  |     1 |       ||     1
 Stab: Sleeping          |     2 |       ||     2
  Eat: Chunk             |     3 |     3 ||     6
Armor: Leather armour    |     3 |    23 ||    26
Dodge: Dodged            |    44 |    62 ||   106
